Construct Section Command Post
Construct Field Infirmary
Construct Platoon Command Post
6-pounder Anti-tank Gun Team
Unlock M3 Stuart Light Tanks
Selects Heavy Armor Battlegroup
Selects Light Vehicle Withdraw and Refit
Construct Company Command Post
Selects Engineer Detachments
Selects Forward Repair Assembly
Unlock Towed 17-pounder Anti-tank Guns
Selects UNKNOWN (2162094)
17-pounder Anti-tank Gun Team
17-pounder Anti-tank Gun Team